2882 views
Uploaded 2020-03-01 20:29:06
Game version 1.32.2
53:14 long 3on3 ladder game on (6)Monsoon_LV
Saved by BEARAND
2882 views
Uploaded 2020-03-01 20:29:06
Game version 1.32.2
53:14 long 3on3 ladder game on (6)Monsoon_LV


80 units @ 9.6k
/ 0.9k
230 buildings @ 13.9k
/ 6.3k



| Lesser Clarity Potion | 1 | 70 |
| Mechanical Critter | 2 | 100 |
| Potion of Healing | 1 | 150 |
| Potion of Mana | 1 | 200 |
| Staff of Sanctuary | 3 | 750 |
| Boots of Speed | 3 | 750 |
| Staff of Teleportation | 3 | 450 |
| Circlet of Nobility | 3 | 525 |
| Orb of Corruption | 3 | 1125 |
| total: | 20 | 4120g |
| Peasant | 16 | 1200 | / | 0 |
| Priest | 4 | 540 | / | 40 |
| total: | 20 | 1740g | / | 40w |
| Scout Tower | 89 | 2670 | / | 1780 |
| Arcane Tower | 12 | 840 | / | 600 |
| Guard Tower | 38 | 2660 | / | 1900 |
| Altar of Kings | 1 | 180 | / | 50 |
| Lumber Mill | 1 | 120 | / | 0 |
| Farm | 5 | 400 | / | 100 |
| Arcane Vault | 3 | 390 | / | 90 |
| Town Hall | 1 | 385 | / | 205 |
| Arcane Sanctum | 1 | 150 | / | 140 |
| Keep | 1 | 320 | / | 210 |
| Castle | 1 | 360 | / | 210 |
| total: | 101 | 4295g | / | 2365w |
| 0:01 | Peasant |
| 0:03 | Altar of Kings |
| 0:09 | Peasant |
| 0:17 | Lumber Mill |
| 0:22 | Farm |
| 0:25 | Peasant |
| 0:35 | Peasant |
| 0:53 | Farm |
| 0:54 | Peasant |
| 1:13 | Peasant |
| 1:18 | Peasant |
| 1:24 | Scout Tower |
| 1:28 | Peasant |
| 1:30 | Scout Tower |
| 1:32 | Peasant |
| 1:39 | Improved Masonry |
| 1:49 | Arcane Tower |
| 1:51 | Scout Tower |
| 1:56 | Arcane Tower |
| 2:02 | Scout Tower |
| 2:07 | Storm Bolt |
| 2:08 | Peasant |
| 2:20 | Scout Tower |
| 2:20 | Guard Tower |
| 2:27 | Peasant |
| 2:39 | Scout Tower |
| 2:40 | Guard Tower |
| 2:46 | Peasant |
| 2:53 | Scout Tower |
| 2:53 | Guard Tower |
| 2:59 | Scout Tower |
| 3:25 | Guard Tower |
| 3:25 | Scout Tower |
| 3:35 | Scout Tower |
| 3:36 | Guard Tower |
| 3:37 | Peasant |
| 3:37 | Peasant |
| 3:58 | Scout Tower |
| 3:58 | Guard Tower |
| 4:06 | Guard Tower |
| 4:07 | Scout Tower |
| 4:31 | Boots of Speed |
| 4:36 | Staff of Teleportation |
| 4:46 | Guard Tower |
| 4:51 | Guard Tower |
| 5:00 | Bash |
| 5:35 | Keep |
| 6:01 | Scout Tower |
| 6:02 | Scout Tower |
| 6:08 | Scout Tower |
| 6:08 | Scout Tower |
| 6:11 | Arcane Vault |
| 6:18 | Arcane Vault |
| 6:29 | Scout Tower |
| 6:30 | Scout Tower |
| 7:16 | Arcane Tower |
| 7:18 | Town Hall |
| 7:27 | Scout Tower |
| 7:27 | Scout Tower |
| 7:29 | Guard Tower |
| 7:30 | Scout Tower |
| 7:31 | Scout Tower |
| 7:35 | Lesser Clarity Potion |
| 7:36 | Mechanical Critter |
| 7:37 | Mechanical Critter |
| 7:58 | Farm |
| 8:06 | Storm Bolt |
| 8:10 | Guard Tower |
| 8:13 | Scout Tower |
| 8:14 | Scout Tower |
| 8:15 | Castle |
| 8:30 | Arcane Tower |
| 8:30 | Guard Tower |
| 8:35 | Arcane Tower |
| 8:38 | Guard Tower |
| 9:06 | Orb of Corruption |
| 9:11 | Peasant |
| 9:15 | Arcane Tower |
| 9:18 | Guard Tower |
| 10:38 | Potion of Healing |
| 10:39 | Potion of Mana |
| 10:59 | Scout Tower |
| 11:01 | Scout Tower |
| 11:03 | Advanced Masonry |
| 11:05 | Arcane Sanctum |
| 11:23 | Peasant |
| 11:26 | Scout Tower |
| 11:27 | Scout Tower |
| 11:28 | Scout Tower |
| 11:29 | Scout Tower |
| 11:49 | Arcane Vault |
| 11:51 | Guard Tower |
| 11:56 | Guard Tower |
| 11:59 | Scout Tower |
| 12:00 | Scout Tower |
| 12:02 | Scout Tower |
| 12:02 | Scout Tower |
| 12:03 | Holy Light |
| 12:08 | Staff of Sanctuary |
| 12:20 | Magic Sentry |
| 12:21 | Priest Adept Training |
| 12:21 | Priest |
| 12:25 | Imbued Masonry |
| 12:25 | Improved Lumber Harvesting |
| 12:39 | Boots of Speed |
| 12:39 | Staff of Teleportation |
| 12:55 | Siphon Mana |
| 13:01 | Guard Tower |
| 13:03 | Scout Tower |
| 13:03 | Scout Tower |
| 13:04 | Scout Tower |
| 13:04 | Scout Tower |
| 13:04 | Scout Tower |
| 13:05 | Scout Tower |
| 13:05 | Scout Tower |
| 13:07 | Guard Tower |
| 13:25 | Circlet of Nobility |
| 13:29 | Guard Tower |
| 13:33 | Scout Tower |
| 13:34 | Scout Tower |
| 13:34 | Scout Tower |
| 13:54 | Guard Tower |
| 13:58 | Scout Tower |
| 13:59 | Scout Tower |
| 14:06 | Priest Master Training |
| 14:51 | Guard Tower |
| 14:53 | Scout Tower |
| 15:00 | Boots of Speed |
| 15:00 | Staff of Teleportation |
| 15:00 | Circlet of Nobility |
| 15:25 | Guard Tower |
| 15:30 | Scout Tower |
| 15:30 | Scout Tower |
| 15:31 | Scout Tower |
| 15:31 | Scout Tower |
| 15:32 | Scout Tower |
| 15:33 | Scout Tower |
| 15:44 | Guard Tower |
| 16:22 | Bash |
| 16:25 | Guard Tower |
| 16:30 | Staff of Sanctuary |
| 16:34 | Staff of Sanctuary |
| 16:41 | Orb of Corruption |
| 17:12 | Circlet of Nobility |
| 17:33 | Scout Tower |
| 17:33 | Scout Tower |
| 17:34 | Scout Tower |
| 17:34 | Scout Tower |
| 17:46 | Orb of Corruption |
| 18:47 | Scout Tower |
| 18:47 | Scout Tower |
| 18:48 | Scout Tower |
| 18:54 | Scout Tower |
| 19:18 | Divine Shield |
| 19:19 | Banish |
| 19:28 | Guard Tower |
| 19:31 | Scout Tower |
| 19:31 | Scout Tower |
| 19:47 | Arcane Tower |
| 19:53 | Guard Tower |
| 19:56 | Scout Tower |
| 20:00 | Scout Tower |
| 20:00 | Scout Tower |
| 20:01 | Scout Tower |
| 20:01 | Scout Tower |
| 20:28 | Guard Tower |
| 20:30 | Scout Tower |
| 20:31 | Scout Tower |
| 20:36 | Scout Tower |
| 20:37 | Scout Tower |
| 20:44 | Scout Tower |
| 20:49 | Scout Tower |
| 20:50 | Scout Tower |
| 21:54 | Guard Tower |
| 21:58 | Priest |
| 22:06 | Scout Tower |
| 22:10 | Guard Tower |
| 22:15 | Scout Tower |
| 22:27 | Priest |
| 22:30 | Guard Tower |
| 22:33 | Guard Tower |
| 23:01 | Guard Tower |
| 24:04 | Guard Tower |
| 24:07 | Scout Tower |
| 24:12 | Guard Tower |
| 24:48 | Scout Tower |
| 24:49 | Scout Tower |
| 25:07 | Guard Tower |
| 27:59 | Scout Tower |
| 31:11 | Siphon Mana |
| 31:13 | Holy Light |
| 31:48 | Guard Tower |
| 32:23 | Arcane Tower |
| 36:48 | Storm Bolt |
| 39:50 | Guard Tower |
| 39:51 | Scout Tower |
| 40:20 | Guard Tower |
| 40:22 | Scout Tower |
| 43:13 | Farm |
| 43:15 | Farm |
| 44:42 | Priest |
| 46:32 | Scout Tower |
| 46:32 | Scout Tower |
| 46:33 | Scout Tower |
| 46:33 | Scout Tower |
| 46:34 | Scout Tower |
| 46:34 | Scout Tower |
| 47:02 | Arcane Tower |
| 47:47 | Arcane Tower |
| 49:38 | Arcane Tower |
| 49:39 | Arcane Tower |
| 51:11 | Divine Shield |
| 51:38 | Banish |
| Right click | 3753 |
| Select group | 2391 |
| Select | 629 |
| Assign group | 618 |
| Use ability | 217 |
| Build/train/purchase | 174 |
| Chat | 52 |
| Misc. action | 12 |
| Minimap ping | 8 |
| Item give/drop | 5 |



| Potion of Healing | 2 | 300 |
| Potion of Mana | 1 | 200 |
| Lesser Clarity Potion | 1 | 70 |
| Scroll of Regeneration | 1 | 100 |
| Staff of Sanctuary | 3 | 750 |
| Scroll of Town Portal | 1 | 350 |
| Staff of Teleportation | 3 | 450 |
| Boots of Speed | 6 | 1500 |
| Periapt of Vitality | 1 | 325 |
| Orb of Corruption | 2 | 750 |
| total: | 21 | 4795g |
| Peasant | 18 | 1350 | / | 0 |
| Priest | 1 | 135 | / | 10 |
| Dragonhawk Rider | 12 | 2400 | / | 360 |
| Sorceress | 1 | 155 | / | 20 |
| total: | 32 | 4040g | / | 390w |
| Scout Tower | 78 | 2340 | / | 1560 |
| Arcane Tower | 11 | 770 | / | 550 |
| Guard Tower | 39 | 2730 | / | 1950 |
| Altar of Kings | 1 | 180 | / | 50 |
| Farm | 13 | 1040 | / | 260 |
| Lumber Mill | 1 | 120 | / | 0 |
| Arcane Vault | 1 | 130 | / | 30 |
| Town Hall | 1 | 385 | / | 205 |
| Blacksmith | 1 | 140 | / | 60 |
| Barracks | 1 | 160 | / | 60 |
| Arcane Sanctum | 1 | 150 | / | 140 |
| Gryphon Aviary | 1 | 140 | / | 150 |
| Keep | 1 | 320 | / | 210 |
| Castle | 1 | 360 | / | 210 |
| total: | 99 | 4785g | / | 2515w |
| 0:01 | Peasant |
| 0:02 | Peasant |
| 0:07 | Altar of Kings |
| 0:18 | Farm |
| 0:24 | Peasant |
| 0:37 | Peasant |
| 0:47 | Farm |
| 1:05 | Lumber Mill |
| 1:06 | Peasant |
| 1:06 | Peasant |
| 1:17 | Peasant |
| 1:30 | Scout Tower |
| 1:44 | Scout Tower |
| 1:50 | Peasant |
| 1:50 | Peasant |
| 1:52 | Peasant |
| 1:59 | Arcane Tower |
| 2:00 | Scout Tower |
| 2:04 | Scout Tower |
| 2:07 | Blizzard |
| 2:16 | Peasant |
| 2:26 | Guard Tower |
| 2:28 | Scout Tower |
| 2:30 | Guard Tower |
| 2:31 | Scout Tower |
| 2:49 | Peasant |
| 2:49 | Peasant |
| 2:53 | Scout Tower |
| 3:13 | Guard Tower |
| 3:27 | Arcane Tower |
| 3:43 | Scout Tower |
| 3:45 | Guard Tower |
| 3:47 | Scout Tower |
| 3:47 | Scout Tower |
| 3:48 | Scout Tower |
| 4:07 | Keep |
| 4:08 | Improved Masonry |
| 4:10 | Guard Tower |
| 4:18 | Guard Tower |
| 4:21 | Scout Tower |
| 4:22 | Scout Tower |
| 4:33 | Farm |
| 4:33 | Farm |
| 4:47 | Staff of Teleportation |
| 4:53 | Boots of Speed |
| 5:23 | Guard Tower |
| 5:26 | Scout Tower |
| 5:59 | Guard Tower |
| 6:00 | Scout Tower |
| 6:01 | Scout Tower |
| 6:01 | Scout Tower |
| 6:05 | Scout Tower |
| 6:06 | Scout Tower |
| 6:06 | Scout Tower |
| 6:07 | Scout Tower |
| 6:52 | Guard Tower |
| 6:56 | Brilliance Aura |
| 6:58 | Arcane Vault |
| 7:10 | Arcane Tower |
| 7:10 | Guard Tower |
| 8:14 | Potion of Healing |
| 8:17 | Storm Bolt |
| 8:27 | Town Hall |
| 8:30 | Scout Tower |
| 8:30 | Scout Tower |
| 8:31 | Scout Tower |
| 8:31 | Scout Tower |
| 8:43 | Guard Tower |
| 8:46 | Arcane Sanctum |
| 8:48 | Guard Tower |
| 10:17 | Blizzard |
| 10:32 | Potion of Mana |
| 10:33 | Lesser Clarity Potion |
| 10:35 | Potion of Healing |
| 10:35 | Scroll of Regeneration |
| 11:04 | Castle |
| 11:07 | Arcane Tower |
| 11:07 | Guard Tower |
| 11:07 | Guard Tower |
| 11:16 | Bash |
| 11:24 | Advanced Masonry |
| 11:24 | Improved Lumber Harvesting |
| 11:25 | Magic Sentry |
| 11:26 | Priest |
| 11:30 | Peasant |
| 12:27 | Scout Tower |
| 12:28 | Scout Tower |
| 12:29 | Scout Tower |
| 12:41 | Gryphon Aviary |
| 12:41 | Blacksmith |
| 12:42 | Barracks |
| 12:48 | Farm |
| 13:24 | Periapt of Vitality |
| 13:40 | Boots of Speed |
| 13:40 | Boots of Speed |
| 13:40 | Boots of Speed |
| 13:40 | Boots of Speed |
| 13:49 | Guard Tower |
| 13:50 | Scout Tower |
| 13:51 | Scout Tower |
| 13:52 | Scout Tower |
| 13:55 | Scout Tower |
| 13:55 | Scout Tower |
| 13:56 | Scout Tower |
| 13:56 | Scout Tower |
| 13:56 | Scout Tower |
| 13:57 | Scout Tower |
| 13:57 | Scout Tower |
| 13:58 | Scout Tower |
| 14:00 | Peasant |
| 14:00 | Peasant |
| 14:01 | Peasant |
| 14:01 | Peasant |
| 14:23 | Staff of Sanctuary |
| 14:24 | Staff of Sanctuary |
| 14:31 | Guard Tower |
| 14:36 | Scout Tower |
| 14:37 | Scout Tower |
| 14:37 | Scout Tower |
| 14:38 | Scout Tower |
| 14:38 | Scout Tower |
| 14:38 | Scout Tower |
| 14:39 | Scout Tower |
| 14:39 | Scout Tower |
| 14:40 | Scout Tower |
| 14:40 | Scout Tower |
| 14:40 | Scout Tower |
| 14:41 | Scout Tower |
| 14:41 | Scout Tower |
| 14:42 | Scout Tower |
| 14:42 | Scout Tower |
| 14:42 | Scout Tower |
| 14:43 | Scout Tower |
| 14:43 | Scout Tower |
| 14:44 | Scout Tower |
| 14:45 | Scout Tower |
| 14:45 | Scout Tower |
| 14:46 | Scout Tower |
| 14:46 | Scout Tower |
| 14:47 | Scout Tower |
| 14:47 | Scout Tower |
| 14:58 | Guard Tower |
| 15:03 | Holy Light |
| 15:06 | Orb of Corruption |
| 15:24 | Dragonhawk Rider |
| 15:24 | Dragonhawk Rider |
| 15:24 | Dragonhawk Rider |
| 15:25 | Dragonhawk Rider |
| 15:27 | Imbued Masonry |
| 15:27 | Advanced Lumber Harvesting |
| 15:29 | Iron Forged Swords |
| 15:29 | Studded Leather Armor |
| 16:25 | Guard Tower |
| 16:41 | Staff of Sanctuary |
| 16:51 | Guard Tower |
| 17:22 | Dragonhawk Rider |
| 17:23 | Steel Forged Swords |
| 17:30 | Orb of Corruption |
| 17:39 | Animal War Training |
| 18:49 | Reinforced Leather Armor |
| 18:49 | Mithril Forged Swords |
| 18:51 | Guard Tower |
| 19:05 | Staff of Teleportation |
| 19:38 | Guard Tower |
| 19:52 | Scroll of Town Portal |
| 20:42 | Scout Tower |
| 20:42 | Scout Tower |
| 20:43 | Scout Tower |
| 20:44 | Scout Tower |
| 20:44 | Scout Tower |
| 20:44 | Scout Tower |
| 20:46 | Scout Tower |
| 20:46 | Scout Tower |
| 20:47 | Scout Tower |
| 21:34 | Priest Adept Training |
| 21:35 | Sorceress |
| 21:36 | Sorceress Adept Training |
| 21:40 | Guard Tower |
| 21:44 | Guard Tower |
| 21:57 | Dragonhide Armor |
| 21:59 | Cloud |
| 22:13 | Guard Tower |
| 22:36 | Guard Tower |
| 23:03 | Guard Tower |
| 23:34 | Staff of Teleportation |
| 23:34 | Boots of Speed |
| 24:47 | Storm Bolt |
| 25:36 | Guard Tower |
| 26:23 | Brilliance Aura |
| 28:07 | Divine Shield |
| 35:19 | Dragonhawk Rider |
| 36:20 | Farm |
| 36:21 | Farm |
| 36:21 | Farm |
| 36:23 | Dragonhawk Rider |
| 36:25 | Dragonhawk Rider |
| 36:25 | Dragonhawk Rider |
| 36:26 | Dragonhawk Rider |
| 36:50 | Farm |
| 36:52 | Farm |
| 36:52 | Farm |
| 36:53 | Farm |
| 36:53 | Farm |
| 37:44 | Dragonhawk Rider |
| 37:45 | Dragonhawk Rider |
| 39:04 | Bash |
| 43:39 | Holy Light |
| 46:38 | Scout Tower |
| 46:39 | Scout Tower |
| 46:40 | Scout Tower |
| 46:40 | Scout Tower |
| 46:41 | Scout Tower |
| 47:18 | Sorceress Master Training |
| 48:24 | Brilliance Aura |
| 49:26 | Arcane Tower |
| 49:26 | Arcane Tower |
| 49:27 | Arcane Tower |
| Right click | 6177 |
| Select | 1291 |
| Select group | 1260 |
| Build/train/purchase | 628 |
| Use ability | 248 |
| Chat | 176 |
| Minimap ping | 35 |
| Misc. action | 27 |
| Assign group | 20 |
| Item give/drop | 10 |
| Remove unit | 1 |



| Orb of Corruption | 3 | 1125 |
| Staff of Teleportation | 4 | 600 |
| Boots of Speed | 3 | 750 |
| Periapt of Vitality | 1 | 325 |
| Potion of Invisibility | 1 | 100 |
| Staff of Sanctuary | 3 | 750 |
| total: | 15 | 3650g |
| Acolyte | 8 | 600 | / | 0 |
| Ghoul | 4 | 480 | / | 0 |
| Obsidian Statue | 2 | 400 | / | 70 |
| Gargoyle | 9 | 1575 | / | 270 |
| Banshee | 5 | 775 | / | 150 |
| total: | 28 | 3830g | / | 490w |
| Nerubian Tower | 6 | 600 | / | 120 |
| Spirit Tower | 3 | 435 | / | 120 |
| Crypt | 1 | 200 | / | 50 |
| Altar of Darkness | 1 | 180 | / | 50 |
| Ziggurat | 18 | 2700 | / | 900 |
| Graveyard | 1 | 215 | / | 0 |
| Necropolis | 3 | 675 | / | 0 |
| Tomb of Relics | 4 | 520 | / | 120 |
| Slaughterhouse | 1 | 140 | / | 135 |
| Temple of the Damned | 1 | 155 | / | 140 |
| Halls of the Dead | 2 | 640 | / | 420 |
| Black Citadel | 1 | 325 | / | 230 |
| total: | 30 | 4785g | / | 1395w |
| 0:03 | Acolyte |
| 0:06 | Crypt |
| 0:10 | Altar of Darkness |
| 0:25 | Ziggurat |
| 0:33 | Acolyte |
| 1:03 | Graveyard |
| 1:12 | Ghoul |
| 1:25 | Ghoul |
| 1:34 | Nerubian Tower |
| 1:49 | Ghoul |
| 2:17 | Necropolis |
| 2:21 | Death Coil |
| 2:31 | Ghoul |
| 3:49 | Halls of the Dead |
| 3:58 | Acolyte |
| 4:03 | Ziggurat |
| 4:07 | Ziggurat |
| 4:27 | Tomb of Relics |
| 4:31 | Tomb of Relics |
| 6:01 | Spirit Tower |
| 6:13 | Black Citadel |
| 6:30 | Slaughterhouse |
| 6:38 | Staff of Teleportation |
| 6:38 | Boots of Speed |
| 6:41 | Periapt of Vitality |
| 7:28 | Unholy Aura |
| 7:33 | Obsidian Statue |
| 7:33 | Obsidian Statue |
| 7:36 | Frost Nova |
| 7:48 | Ziggurat |
| 8:23 | Acolyte |
| 8:23 | Acolyte |
| 8:23 | Acolyte |
| 8:24 | Acolyte |
| 8:48 | Orb of Corruption |
| 10:25 | Potion of Invisibility |
| 10:27 | Staff of Teleportation |
| 10:27 | Boots of Speed |
| 10:43 | Acolyte |
| 11:00 | Necropolis |
| 11:04 | Frost Armor |
| 11:05 | Carrion Swarm |
| 11:34 | Necropolis |
| 11:38 | Ziggurat |
| 11:39 | Ziggurat |
| 11:39 | Ziggurat |
| 11:40 | Ziggurat |
| 11:40 | Ziggurat |
| 11:41 | Ziggurat |
| 12:20 | Nerubian Tower |
| 12:28 | Death Coil |
| 12:45 | Nerubian Tower |
| 12:47 | Spirit Tower |
| 13:05 | Boots of Speed |
| 13:39 | Tomb of Relics |
| 13:44 | Ziggurat |
| 13:46 | Ziggurat |
| 13:50 | Staff of Sanctuary |
| 13:59 | Tomb of Relics |
| 14:00 | Ziggurat |
| 14:02 | Ziggurat |
| 14:05 | Ziggurat |
| 14:08 | Ziggurat |
| 14:30 | Orb of Corruption |
| 14:32 | Orb of Corruption |
| 14:34 | Staff of Sanctuary |
| 14:50 | Nerubian Tower |
| 15:30 | Nerubian Tower |
| 15:32 | Spirit Tower |
| 16:37 | Vampiric Aura |
| 16:54 | Ziggurat |
| 17:52 | Staff of Sanctuary |
| 18:12 | Ziggurat |
| 19:39 | Staff of Teleportation |
| 19:39 | Staff of Teleportation |
| 21:00 | Nerubian Tower |
| 22:09 | Creature Attack |
| 22:12 | Stone Form |
| 23:45 | Improved Creature Attack |
| 23:45 | Creature Carapace |
| 23:48 | Gargoyle |
| 23:48 | Gargoyle |
| 23:49 | Gargoyle |
| 23:49 | Gargoyle |
| 24:35 | Frost Nova |
| 25:47 | Advanced Creature Attack |
| 27:16 | Carrion Swarm |
| 27:34 | Unholy Aura |
| 32:19 | Improved Creature Carapace |
| 32:56 | Frost Armor |
| 34:00 | Advanced Creature Carapace |
| 36:11 | Gargoyle |
| 36:12 | Gargoyle |
| 36:39 | Gargoyle |
| 38:30 | Gargoyle |
| 38:30 | Gargoyle |
| 39:06 | Temple of the Damned |
| 41:03 | Banshee Adept Training |
| 42:30 | Banshee Master Training |
| 42:41 | Banshee |
| 42:41 | Banshee |
| 42:42 | Banshee |
| 44:56 | Death Coil |
| 44:57 | Vampiric Aura |
| 45:33 | Banshee |
| 45:33 | Banshee |
| Right click | 3546 |
| Select group | 2208 |
| Select | 445 |
| Chat | 245 |
| Use ability | 228 |
| Build/train/purchase | 191 |
| Misc. action | 126 |
| Resource trade | 76 |
| Minimap ping | 61 |
| Assign group | 24 |
| Item give/drop | 9 |
| Esc | 3 |
236 units @ 33.4k
/ 5k
115 buildings @ 13.4k
/ 6.8k
Dearok
(53:05) : 


| Staff of Preservation | 3 | 450 |
| Lesser Clarity Potion | 1 | 70 |
| Orb of Venom | 1 | 325 |
| Scroll of Town Portal | 7 | 2450 |
| Scroll of Healing | 1 | 250 |
| Potion of Lesser Invulnerability | 7 | 1050 |
| total: | 20 | 4595g |
| Wisp | 40 | 2400 | / | 0 |
| Huntress | 8 | 1560 | / | 160 |
| Druid of the Claw | 5 | 1275 | / | 400 |
| Mountain Giant | 1 | 350 | / | 100 |
| Chimaera | 9 | 2970 | / | 630 |
| Faerie Dragon | 4 | 620 | / | 100 |
| total: | 67 | 9175g | / | 1390w |
| Ancient Protector | 16 | 2160 | / | 1280 |
| Altar of Elders | 1 | 180 | / | 50 |
| Moon Well | 8 | 1440 | / | 320 |
| Ancient of War | 1 | 150 | / | 60 |
| Hunter's Hall | 1 | 210 | / | 100 |
| Ancient of Wonders | 2 | 180 | / | 60 |
| Tree of Life | 2 | 680 | / | 370 |
| Ancient of Lore | 2 | 310 | / | 290 |
| Ancient of Wind | 1 | 150 | / | 140 |
| Chimaera Roost | 2 | 280 | / | 380 |
| Tree of Ages | 1 | 320 | / | 180 |
| Tree of Eternity | 1 | 330 | / | 200 |
| total: | 36 | 5740g | / | 3050w |
| 0:04 | Wisp |
| 0:04 | Wisp |
| 0:11 | Altar of Elders |
| 0:15 | Moon Well |
| 0:40 | Wisp |
| 0:41 | Wisp |
| 0:41 | Wisp |
| 0:41 | Wisp |
| 1:10 | Ancient of War |
| 1:17 | Wisp |
| 1:36 | Moon Well |
| 1:44 | Wisp |
| 1:44 | Wisp |
| 1:44 | Wisp |
| 1:48 | Wisp |
| 2:09 | Moon Well |
| 2:28 | Healing Spray |
| 2:36 | Hunter's Hall |
| 2:41 | Wisp |
| 3:39 | Huntress |
| 3:39 | Huntress |
| 3:44 | Tree of Ages |
| 4:08 | Ancient of Wonders |
| 4:21 | Moon Well |
| 4:34 | Huntress |
| 4:57 | Huntress |
| 5:08 | Huntress |
| 5:32 | Chemical Rage |
| 5:36 | Huntress |
| 6:05 | Wisp |
| 6:05 | Wisp |
| 6:10 | Moon Well |
| 6:32 | Ancient of Lore |
| 6:50 | Ancient of Lore |
| 7:12 | Scroll of Town Portal |
| 7:13 | Staff of Preservation |
| 7:14 | Lesser Clarity Potion |
| 7:48 | Moon Glaive |
| 7:50 | Huntress |
| 8:17 | Huntress |
| 8:32 | Potion of Lesser Invulnerability |
| 8:33 | Scroll of Healing |
| 8:37 | Healing Spray |
| 8:54 | Tree of Eternity |
| 9:34 | Tree of Life |
| 10:44 | Druid of the Claw Adept Training |
| 11:53 | Druid of the Claw Master Training |
| 11:55 | Abolish Magic |
| 11:58 | Well Spring |
| 11:59 | Reinforced Hides |
| 12:05 | Wisp |
| 12:06 | Wisp |
| 12:06 | Wisp |
| 12:07 | Wisp |
| 12:07 | Wisp |
| 12:21 | Moon Well |
| 12:28 | Moon Well |
| 12:37 | Mark of the Claw |
| 13:45 | Staff of Preservation |
| 13:45 | Scroll of Town Portal |
| 14:27 | Druid of the Claw |
| 14:27 | Druid of the Claw |
| 14:29 | Improved Reinforced Hides |
| 15:05 | Blink |
| 16:17 | Druid of the Claw |
| 16:17 | Druid of the Claw |
| 17:18 | Advanced Reinforced Hides |
| 17:19 | Strength of the Wild |
| 17:21 | Nature's Blessing |
| 17:30 | Potion of Lesser Invulnerability |
| 17:31 | Scroll of Town Portal |
| 18:46 | Druid of the Claw |
| 18:50 | Hardened Skin |
| 18:58 | Resistant Skin |
| 19:53 | Improved Strength of the Wild |
| 20:31 | Scroll of Town Portal |
| 20:49 | Moon Well |
| 20:58 | Mountain Giant |
| 22:13 | Entangling Roots |
| 23:13 | Wisp |
| 23:14 | Wisp |
| 23:14 | Wisp |
| 23:14 | Wisp |
| 23:14 | Wisp |
| 23:57 | Ancient of Wind |
| 25:25 | Chimaera Roost |
| 25:31 | Chimaera Roost |
| 26:11 | Potion of Lesser Invulnerability |
| 26:13 | Scroll of Town Portal |
| 26:28 | Wisp |
| 26:28 | Wisp |
| 26:28 | Wisp |
| 26:30 | Wisp |
| 26:30 | Wisp |
| 26:56 | Scroll of Town Portal |
| 26:57 | Staff of Preservation |
| 27:07 | Corrosive Breath |
| 27:21 | Wisp |
| 27:24 | Wisp |
| 27:51 | Chimaera |
| 27:54 | Chimaera |
| 28:31 | Potion of Lesser Invulnerability |
| 29:31 | Chimaera |
| 29:49 | Chimaera |
| 30:18 | Chimaera |
| 30:19 | Chimaera |
| 30:21 | Chimaera |
| 31:30 | Chimaera |
| 32:15 | Tree of Life |
| 32:28 | Ancient Protector |
| 32:32 | Ancient Protector |
| 32:35 | Ancient Protector |
| 33:14 | Potion of Lesser Invulnerability |
| 34:03 | Ancient Protector |
| 34:09 | Ancient Protector |
| 35:28 | Ancient Protector |
| 35:30 | Ancient Protector |
| 35:32 | Ancient Protector |
| 35:52 | Potion of Lesser Invulnerability |
| 37:54 | Potion of Lesser Invulnerability |
| 38:41 | Scroll of Town Portal |
| 38:42 | Orb of Venom |
| 40:38 | Advanced Strength of the Wild |
| 41:20 | Wisp |
| 41:27 | Faerie Dragon |
| 41:28 | Faerie Dragon |
| 41:28 | Faerie Dragon |
| 41:29 | Faerie Dragon |
| 43:48 | Chimaera |
| 45:56 | Wisp |
| 45:57 | Wisp |
| 45:57 | Wisp |
| 46:22 | Ancient Protector |
| 46:28 | Ancient Protector |
| 46:54 | Ancient Protector |
| 47:02 | Ancient Protector |
| 47:27 | Wisp |
| 47:48 | Ancient of Wonders |
| 47:53 | Wisp |
| 47:54 | Wisp |
| 47:55 | Wisp |
| 47:55 | Wisp |
| 48:07 | Ultravision |
| 48:08 | Strength of the Moon |
| 48:08 | Moon Armor |
| 48:19 | Ancient Protector |
| 48:29 | Ancient Protector |
| 48:45 | Ancient Protector |
| 49:00 | Ancient Protector |
| Select | 529 |
| Select group | 522 |
| Right click | 471 |
| Build/train/purchase | 166 |
| Assign group | 57 |
| Use ability | 57 |
| Resource trade | 19 |
| Item give/drop | 8 |
| Remove unit | 8 |
| Minimap ping | 4 |
| Misc. action | 3 |
CrowsBlood
(53:12) : 


| Scroll of Healing | 4 | 1000 |
| Scroll of Town Portal | 6 | 2100 |
| Scroll of Protection | 4 | 600 |
| Boots of Speed | 2 | 500 |
| Staff of Teleportation | 1 | 150 |
| Periapt of Vitality | 1 | 325 |
| Potion of Invisibility | 1 | 100 |
| total: | 19 | 4775g |
| Wisp | 43 | 2580 | / | 0 |
| Archer | 5 | 650 | / | 50 |
| Druid of the Talon | 33 | 4785 | / | 660 |
| Chimaera | 9 | 2970 | / | 630 |
| Glaive Thrower | 4 | 840 | / | 260 |
| Hippogryph | 2 | 320 | / | 40 |
| Huntress | 1 | 195 | / | 20 |
| Ogre Magi | 1 | 320 | / | 50 |
| Gnoll Warden | 1 | 215 | / | 20 |
| Gnoll Brute | 1 | 215 | / | 20 |
| total: | 100 | 13090g | / | 1750w |
| Ancient Protector | 4 | 540 | / | 320 |
| Altar of Elders | 1 | 180 | / | 50 |
| Moon Well | 8 | 1440 | / | 320 |
| Ancient of War | 1 | 150 | / | 60 |
| Hunter's Hall | 1 | 210 | / | 100 |
| Tree of Life | 1 | 340 | / | 185 |
| Ancient of Wind | 2 | 300 | / | 280 |
| Chimaera Roost | 2 | 280 | / | 380 |
| Tree of Ages | 1 | 320 | / | 180 |
| Tree of Eternity | 1 | 330 | / | 200 |
| total: | 20 | 3440g | / | 1695w |
| 0:10 | Wisp |
| 0:10 | Wisp |
| 0:33 | Altar of Elders |
| 0:37 | Moon Well |
| 0:40 | Wisp |
| 0:40 | Wisp |
| 0:54 | Moon Well |
| 1:00 | Wisp |
| 1:18 | Moon Well |
| 1:29 | Moon Well |
| 1:41 | Wisp |
| 1:41 | Wisp |
| 2:08 | Ancient of War |
| 2:17 | Wisp |
| 2:18 | Wisp |
| 2:33 | Moon Well |
| 2:38 | Wisp |
| 3:43 | Archer |
| 3:43 | Archer |
| 3:43 | Archer |
| 4:05 | Tree of Ages |
| 4:11 | Evasion |
| 4:17 | Archer |
| 4:52 | Archer |
| 6:13 | Mana Burn |
| 7:04 | Ancient of Wind |
| 7:09 | Ancient of Wind |
| 7:17 | Wisp |
| 7:17 | Wisp |
| 7:17 | Wisp |
| 7:18 | Wisp |
| 7:39 | Ogre Magi |
| 7:40 | Gnoll Warden |
| 7:40 | Gnoll Brute |
| 8:01 | Mana Burn |
| 8:15 | Druid of the Talon Adept Training |
| 8:16 | Druid of the Talon |
| 8:20 | Wisp |
| 9:04 | Scroll of Healing |
| 9:10 | Scroll of Town Portal |
| 9:11 | Scroll of Protection |
| 9:21 | Evasion |
| 9:33 | Scroll of Town Portal |
| 9:46 | Druid of the Talon |
| 10:39 | Tree of Eternity |
| 11:22 | Moon Well |
| 12:52 | Druid of the Talon |
| 13:01 | Chimaera Roost |
| 13:08 | Chimaera Roost |
| 13:10 | Wisp |
| 13:10 | Wisp |
| 13:10 | Wisp |
| 13:10 | Wisp |
| 13:45 | Nature's Blessing |
| 14:42 | Druid of the Talon Master Training |
| 14:44 | Chimaera |
| 14:44 | Chimaera |
| 15:22 | Wisp |
| 15:22 | Wisp |
| 15:27 | Wisp |
| 15:27 | Wisp |
| 15:32 | Chimaera |
| 15:47 | Corrosive Breath |
| 15:50 | Druid of the Talon |
| 15:50 | Druid of the Talon |
| 17:01 | Hunter's Hall |
| 17:13 | Moon Well |
| 17:13 | Moon Well |
| 17:36 | Mark of the Talon |
| 17:49 | Scroll of Protection |
| 17:53 | Scroll of Town Portal |
| 18:03 | Glaive Thrower |
| 19:33 | Glaive Thrower |
| 19:58 | Glaive Thrower |
| 19:59 | Glaive Thrower |
| 20:00 | Vorpal Blades |
| 20:10 | Chimaera |
| 20:45 | Druid of the Talon |
| 23:21 | Chimaera |
| 25:21 | Chimaera |
| 25:24 | Hippogryph |
| 25:24 | Hippogryph |
| 26:39 | Druid of the Talon |
| 26:39 | Druid of the Talon |
| 29:33 | Druid of the Talon |
| 29:33 | Druid of the Talon |
| 30:02 | Wisp |
| 30:02 | Wisp |
| 30:03 | Wisp |
| 30:03 | Wisp |
| 30:03 | Wisp |
| 32:01 | Tree of Life |
| 32:08 | Druid of the Talon |
| 32:08 | Druid of the Talon |
| 32:08 | Druid of the Talon |
| 32:08 | Druid of the Talon |
| 32:33 | Entangling Roots |
| 34:04 | Scout |
| 34:14 | Chimaera |
| 34:36 | Scroll of Town Portal |
| 34:36 | Scroll of Protection |
| 34:37 | Scroll of Healing |
| 35:38 | Scroll of Healing |
| 35:39 | Scroll of Protection |
| 35:43 | Boots of Speed |
| 36:20 | Druid of the Talon |
| 36:20 | Druid of the Talon |
| 38:00 | Druid of the Talon |
| 38:00 | Druid of the Talon |
| 38:01 | Druid of the Talon |
| 39:51 | Chimaera |
| 39:51 | Chimaera |
| 40:48 | Scroll of Town Portal |
| 43:25 | Scroll of Town Portal |
| 43:33 | Staff of Teleportation |
| 43:41 | Periapt of Vitality |
| 43:42 | Boots of Speed |
| 44:42 | Wisp |
| 44:42 | Wisp |
| 44:42 | Wisp |
| 45:08 | Wisp |
| 45:12 | Druid of the Talon |
| 45:12 | Druid of the Talon |
| 45:21 | Scroll of Healing |
| 45:23 | Potion of Invisibility |
| 46:32 | Druid of the Talon |
| 46:32 | Druid of the Talon |
| 46:39 | Wisp |
| 46:39 | Wisp |
| 46:39 | Wisp |
| 46:40 | Wisp |
| 46:41 | Wisp |
| 47:01 | Druid of the Talon |
| 47:02 | Druid of the Talon |
| 47:29 | Ancient Protector |
| 47:41 | Ancient Protector |
| 48:04 | Ancient Protector |
| 48:17 | Force of Nature |
| 49:27 | Druid of the Talon |
| 49:28 | Druid of the Talon |
| 51:52 | Wisp |
| 51:53 | Wisp |
| 51:53 | Wisp |
| 51:53 | Wisp |
| 51:53 | Wisp |
| 51:53 | Wisp |
| 51:57 | Druid of the Talon |
| 51:57 | Druid of the Talon |
| 51:57 | Druid of the Talon |
| 51:57 | Druid of the Talon |
| 52:05 | Druid of the Talon |
| 52:11 | Ancient Protector |
| 52:22 | Sentinel |
| 52:23 | Huntress |
| 53:04 | Druid of the Talon |
| Right click | 1523 |
| Select | 681 |
| Use ability | 223 |
| Build/train/purchase | 204 |
| Chat | 62 |
| Assign group | 54 |
| Select group | 33 |
| Resource trade | 26 |
| Item give/drop | 5 |
| Minimap ping | 2 |
| Misc. action | 1 |



| Scroll of Regeneration | 2 | 200 |
| Potion of Healing | 4 | 600 |
| Orb of Fire | 2 | 650 |
| Staff of Sanctuary | 2 | 500 |
| Lesser Clarity Potion | 2 | 140 |
| Scroll of Town Portal | 3 | 1050 |
| Potion of Lesser Invulnerability | 3 | 450 |
| Boots of Speed | 3 | 750 |
| Staff of Teleportation | 3 | 450 |
| Periapt of Vitality | 2 | 650 |
| total: | 26 | 5440g |
| Peasant | 24 | 1800 | / | 0 |
| Footman | 15 | 2025 | / | 0 |
| Knight | 2 | 490 | / | 120 |
| Gryphon Rider | 18 | 5040 | / | 1260 |
| Spell Breaker | 1 | 215 | / | 30 |
| Siege Engine | 5 | 975 | / | 300 |
| Mortar Team | 2 | 360 | / | 140 |
| Flying Machine | 2 | 200 | / | 60 |
| total: | 69 | 11105g | / | 1910w |
| Scout Tower | 34 | 1020 | / | 680 |
| Arcane Tower | 3 | 210 | / | 150 |
| Guard Tower | 14 | 980 | / | 700 |
| Altar of Kings | 1 | 180 | / | 50 |
| Barracks | 1 | 160 | / | 60 |
| Farm | 13 | 1040 | / | 260 |
| Town Hall | 2 | 770 | / | 410 |
| Arcane Vault | 2 | 260 | / | 60 |
| Lumber Mill | 1 | 120 | / | 0 |
| Blacksmith | 2 | 280 | / | 120 |
| Gryphon Aviary | 1 | 140 | / | 150 |
| Workshop | 1 | 140 | / | 140 |
| Arcane Sanctum | 1 | 150 | / | 140 |
| Keep | 1 | 320 | / | 210 |
| Castle | 1 | 360 | / | 210 |
| total: | 59 | 4260g | / | 2070w |
| 0:06 | Peasant |
| 0:06 | Peasant |
| 0:11 | Altar of Kings |
| 0:19 | Peasant |
| 0:24 | Barracks |
| 0:27 | Peasant |
| 0:27 | Peasant |
| 0:39 | Farm |
| 0:54 | Farm |
| 0:59 | Peasant |
| 1:09 | Peasant |
| 1:09 | Peasant |
| 1:27 | Peasant |
| 1:30 | Footman |
| 1:31 | Footman |
| 1:36 | Scout Tower |
| 1:43 | Farm |
| 1:49 | Footman |
| 1:50 | Footman |
| 1:57 | Peasant |
| 2:04 | Arcane Tower |
| 2:22 | Footman |
| 2:22 | Footman |
| 2:27 | Summon Water Elemental |
| 3:05 | Footman |
| 3:22 | Footman |
| 3:28 | Brilliance Aura |
| 3:32 | Footman |
| 3:40 | Peasant |
| 3:40 | Peasant |
| 3:43 | Peasant |
| 4:00 | Footman |
| 4:09 | Town Hall |
| 4:40 | Arcane Vault |
| 5:49 | Keep |
| 5:54 | Scout Tower |
| 6:00 | Scout Tower |
| 6:01 | Peasant |
| 6:02 | Peasant |
| 6:02 | Peasant |
| 6:03 | Peasant |
| 6:13 | Lumber Mill |
| 6:23 | Arcane Tower |
| 6:30 | Peasant |
| 6:34 | Scout Tower |
| 6:42 | Scout Tower |
| 7:02 | Farm |
| 7:10 | Footman |
| 7:10 | Footman |
| 7:14 | Farm |
| 7:15 | Guard Tower |
| 7:18 | Guard Tower |
| 7:20 | Guard Tower |
| 7:24 | Scout Tower |
| 7:26 | Scout Tower |
| 7:28 | Scout Tower |
| 7:31 | Peasant |
| 7:35 | Peasant |
| 7:46 | Defend |
| 8:00 | Scout Tower |
| 8:07 | Blacksmith |
| 8:20 | Guard Tower |
| 8:23 | Improved Masonry |
| 8:27 | Summon Water Elemental |
| 8:34 | Scout Tower |
| 8:36 | Guard Tower |
| 8:38 | Guard Tower |
| 8:53 | Arcane Vault |
| 8:57 | Peasant |
| 8:57 | Peasant |
| 8:57 | Peasant |
| 8:57 | Peasant |
| 9:06 | Farm |
| 9:09 | Farm |
| 9:16 | Footman |
| 9:16 | Footman |
| 9:20 | Farm |
| 9:41 | Guard Tower |
| 9:48 | Storm Bolt |
| 10:09 | Footman |
| 10:30 | Castle |
| 10:38 | Farm |
| 10:40 | Guard Tower |
| 11:35 | Gryphon Aviary |
| 11:40 | Workshop |
| 11:46 | Arcane Sanctum |
| 11:53 | Improved Lumber Harvesting |
| 12:26 | Potion of Lesser Invulnerability |
| 12:30 | Boots of Speed |
| 12:33 | Boots of Speed |
| 13:05 | Knight |
| 13:06 | Gryphon Rider |
| 13:09 | Spell Breaker |
| 13:13 | Scroll of Regeneration |
| 13:20 | Potion of Healing |
| 13:22 | Orb of Fire |
| 13:23 | Staff of Sanctuary |
| 13:26 | Scroll of Town Portal |
| 13:27 | Potion of Healing |
| 13:37 | Lesser Clarity Potion |
| 13:43 | Barrage |
| 13:44 | Siege Engine |
| 13:47 | Knight |
| 13:54 | Iron Plating |
| 14:21 | Siege Engine |
| 14:23 | Gryphon Rider |
| 14:26 | Farm |
| 14:32 | Farm |
| 14:34 | Farm |
| 14:38 | Advanced Lumber Harvesting |
| 14:49 | Animal War Training |
| 14:49 | Sundering Blades |
| 15:00 | Holy Light |
| 15:18 | Siege Engine |
| 15:22 | Steel Plating |
| 15:24 | Iron Forged Swords |
| 15:28 | Farm |
| 15:32 | Scout Tower |
| 15:35 | Scout Tower |
| 15:39 | Scout Tower |
| 15:44 | Scout Tower |
| 15:48 | Scout Tower |
| 16:31 | Guard Tower |
| 16:51 | Siege Engine |
| 16:51 | Siege Engine |
| 17:35 | Staff of Teleportation |
| 17:37 | Boots of Speed |
| 17:39 | Periapt of Vitality |
| 17:56 | Gryphon Rider |
| 17:58 | Mithril Plating |
| 18:00 | Guard Tower |
| 18:02 | Advanced Masonry |
| 20:05 | Imbued Masonry |
| 20:07 | Steel Forged Swords |
| 20:08 | Black Gunpowder |
| 20:10 | Studded Leather Armor |
| 20:12 | Fragmentation Shards |
| 20:13 | Flare |
| 20:41 | Scout Tower |
| 20:44 | Scout Tower |
| 21:32 | Mortar Team |
| 21:32 | Mortar Team |
| 21:44 | Mithril Forged Swords |
| 21:56 | Thunder Clap |
| 22:34 | Town Hall |
| 22:51 | Scout Tower |
| 22:54 | Scout Tower |
| 22:58 | Scout Tower |
| 22:59 | Scout Tower |
| 24:16 | Guard Tower |
| 25:34 | Scout Tower |
| 25:37 | Scout Tower |
| 25:38 | Scout Tower |
| 25:41 | Scout Tower |
| 25:43 | Scout Tower |
| 26:06 | Guard Tower |
| 26:09 | Scout Tower |
| 27:26 | Gryphon Rider |
| 27:26 | Gryphon Rider |
| 27:53 | Guard Tower |
| 27:57 | Scout Tower |
| 28:00 | Scout Tower |
| 28:02 | Scout Tower |
| 28:12 | Scout Tower |
| 28:33 | Potion of Healing |
| 28:39 | Scroll of Regeneration |
| 29:05 | Arcane Tower |
| 29:54 | Gryphon Rider |
| 29:54 | Gryphon Rider |
| 31:55 | Gryphon Rider |
| 31:55 | Gryphon Rider |
| 33:49 | Staff of Teleportation |
| 33:49 | Periapt of Vitality |
| 33:57 | Scroll of Town Portal |
| 34:08 | Gryphon Rider |
| 34:14 | Blacksmith |
| 35:26 | Lesser Clarity Potion |
| 35:29 | Potion of Healing |
| 35:36 | Gryphon Rider |
| 35:39 | Reinforced Leather Armor |
| 36:44 | Staff of Teleportation |
| 36:55 | Dragonhide Armor |
| 38:09 | Scout Tower |
| 38:10 | Scout Tower |
| 38:11 | Scout Tower |
| 38:28 | Scroll of Town Portal |
| 38:30 | Staff of Sanctuary |
| 38:34 | Orb of Fire |
| 38:48 | Refined Gunpowder |
| 39:45 | Guard Tower |
| 40:18 | Gryphon Rider |
| 40:23 | Storm Hammers |
| 41:29 | Potion of Lesser Invulnerability |
| 42:26 | Gryphon Rider |
| 42:26 | Gryphon Rider |
| 43:45 | Imbued Gunpowder |
| 45:41 | Gryphon Rider |
| 46:13 | Brilliance Aura |
| 46:42 | Gryphon Rider |
| 46:42 | Gryphon Rider |
| 46:42 | Gryphon Rider |
| 49:41 | Potion of Lesser Invulnerability |
| 49:52 | Flying Machine |
| 49:54 | Flying Machine Bombs |
| 49:54 | Flak Cannons |
| 49:56 | Flying Machine |
| Select group | 1045 |
| Right click | 975 |
| Select | 648 |
| Misc. action | 252 |
| Build/train/purchase | 215 |
| Assign group | 64 |
| Use ability | 62 |
| Minimap ping | 51 |
| Chat | 13 |
| Resource trade | 12 |
| Item give/drop | 4 |
| Esc | 3 |
| Remove unit | 1 |
⇛